 Dungeon Crawl Stone Soup version 0.26.1-11-gd32895ea62 (webtiles) character file.

Game seed: 14300490072792459709

242 Zeld the Digger (level 6, -2/36 HPs)
             Began as a Gargoyle Earth Elementalist on June 4, 2021.
             Killed by divine providence
             ... invoked by an orc priest
              (12 damage)
             ... on level 3 of the Dungeon.
             The game lasted 00:05:56 (4826 turns).

Zeld the Digger (Gargoyle Earth Elementalist)       Turns: 4826, Time: 00:05:57

Health: -2/36      AC:  7    Str: 12    XL:     6   Next: 9%
Magic:  2/10       EV: 12    Int: 17    God:
Gold:   102        SH:  0    Dex: 10    Spells: 1/11 levels left

rFire    . . .     SeeInvis .   a - +0 whip
rCold    . . .     Faith    .   (no shield)
rNeg     + . .     Spirit   .   c - +0 robe
rPois    ∞         Reflect  .   g - +0 helmet
rElec    +         Harm     .   (no cloak)
rCorr    .         Rampage  .   (no gloves)
Will     .....                  (no boots)
Stlth    ++........             (no amulet)
HPRegen  0.12/turn              (no ring)
MPRegen  0.12/turn              (no ring)

@: no status effects
A: negative energy resistance 1, electricity resistance, unbreathing,
petrification resistance, miasma immunity, AC +4
a: no special abilities


You were on level 3 of the Dungeon.
You visited 1 branch of the dungeon, and saw 3 of its levels.

You collected 102 gold pieces.

Inventory:

Hand Weapons
 a - a +0 whip (weapon)
Missiles
 h - 52 stones
Armour
 c - a +0 robe (worn)
 g - a +0 helmet (worn)
Jewellery
 d - an uncursed amulet of reflection {unknown}
 j - an uncursed ring of resist corrosion
Wands
 i - a wand of digging (6)
Scrolls
 b - 4 scrolls of identify {unknown}
 f - a scroll of enchant armour {unknown}
 l - 2 scrolls of magic mapping {unknown}
Potions
 e - 2 potions of attraction {unknown}
 k - a potion of lignification {unknown}
 m - a potion of ambrosia {unknown}


   Skills:
 + Level 2.6 Fighting
 + Level 2.6 Dodging
 - Level 2.1 Stealth
 + Level 3.0 Spellcasting
 - Level 0.7 Transmutations
 * Level 5.7 Earth Magic


You had one spell level left.
You knew the following spells:

 Your Spells              Type           Power        Failure   Level
a - Sandblast             Erth           44%          1%          1
b - Passwall              Tmut/Erth      10%          7%          2
c - Stone Arrow           Conj/Erth      24%          16%         3
d - Petrify               Tmut/Erth      13%          43%         4

Your spell library contained the following spells:

 Spells                   Type           Power        Failure   Level
 Lee's Rapid Deconstruct  Erth           11%          43%         5


Dungeon Overview and Level Annotations

Branches:
Dungeon (3/15)

Altars:


Innate Abilities, Weirdness & Mutations

You are resistant to torment.
Your stone body is resilient. (AC +4)
You are immune to poison.
You resist negative energy. (rN+)
You are resistant to electric shocks. (rElec)
You can survive without breathing.
You are immune to petrification.
You are immune to miasma.


Message History

Press: ? - help, Shift-Dir - straight line, f/p - orc priest
Aim: an orc priest, wearing a +0 ring mail (severely wounded, 17% to evade)
The blast of sand hits the orc priest but does no damage.
The orc priest is severely wounded.
h - 52 stones An orc comes into view. It is wielding a +0 hand axe.
The orc barely misses you. The orc priest hits you.
Casting: Sandblast (safe; 1% risk of failure)
Confirm with . or Enter, or press ? or * to list all spells.
You don't have enough magic to cast that spell.
The orc shouts!
You hear a shout!
The orc priest hits you but does no damage.
An orc comes into view. It is wielding a +0 dagger.
The orc priest invokes the aid of Beogh against you.
Beogh smites you!
* * * LOW HITPOINT WARNING * * *
Found a stone staircase leading down.
The orc priest invokes the aid of Beogh against you.
Beogh smites you!
You die...

##.....#.##.# .....[.##.#.##
#.# ##.......#...###.# #.#
##......†.......# #.# .#
###...##...#########.#####>#
##.####.#..†...........#.#
#.# #.#.########.......#
#####.####>...##............#
#...........#..@o..o.oo....#
#.###.#####...##.######...##
#.# #.# ######.# ##.## ##.#
#.# #.# #.####### ...# #.#
#.#######.......# #..# #.#
#............##.# #.## #.#
############o## #.# #.#
#o....# #.# #.###.#


You could see an orc priest and 3 orcs.

Vanquished Creatures
  A scorpion (D:3)
  Natasha (thrice) (D:2)
  Robin (D:2)
  2 gnolls (D:1)
  2 adders
  An ooze (D:2)
  2 worms
  A dart slug (D:1)
  A leopard gecko (D:3)
  An orc (D:3)
  2 giant cockroaches
  13 goblins
  2 hobgoblins (D:2)
  A quokka (D:2)
  2 ball pythons (D:3)
  10 bats
  2 frilled lizards
  6 kobolds
  6 rats
59 creatures vanquished.

Notes
Turn   | Place    | Note
-------+----------+-------------------------------------------
     0 | D:1      | Zeld the Gargoyle Earth Elementalist began the quest for
                  | the Orb.
     0 | D:1      | Reached XP level 1. HP: 10/10 MP: 3/3
   289 | D:1      | Reached skill level 4 in Earth Magic
   289 | D:1      | Reached XP level 2. HP: 9/16 MP: 0/5
   297 | D:1      | Learned a level 2 spell: Passwall
   610 | D:1      | Reached skill level 1 in Fighting
   610 | D:1      | Reached XP level 3. HP: 20/20 MP: 2/6
   614 | D:1      | Learned a level 3 spell: Stone Arrow
  1243 | D:2      | Noticed Robin
  1257 | D:2      | Reached XP level 4. HP: 21/25 MP: 7/7
  2122 | D:2      | Noticed Natasha
  2127 | D:2      | Killed Natasha
  2284 | D:2      | Noticed Natasha
  2956 | D:2      | Killed Robin
  3043 | D:2      | Reached skill level 5 in Earth Magic
  3361 | D:2      | Killed Natasha
  3362 | D:2      | Reached XP level 5. HP: 21/30 MP: 3/9
  3702 | D:2      | Noticed Natasha
  3703 | D:2      | Killed Natasha
  4367 | D:3      | Reached XP level 6. HP: 18/36 MP: 3/10
  4372 | D:3      | Learned a level 4 spell: Petrify
  4826 | D:3      | Killed from afar by an orc priest

Illustrated notes

Levels and vault maps discovered:
D:1:      roderic_octagonal_star, layout_rooms
D:2:      layout_loops_corners, minivault_5, kennysheep_generic_room_4,
          uniq_robin, uniq_natasha
D:3:      layout_loops_ring, minivault_11

Skill      XL: |  1  2  3  4  5 |
---------------+----------------+-----
Earth Magic    | 4 5 |  5.7
Fighting       | 1 2 |  2.6
Dodging        | 2 |  2.6
Spellcasting   | 3 |  3.0
Stealth        | |  2.1
Transmutations | |  0.7

Action                   |  1- 3 |  4- 6 || total
-------------------------+-------+-------++-------
Melee: Unarmed           |    15 |    27 ||    42
       Whip              |       |   146 ||   146
 Cast: Sandblast         |    30 |    14 ||    44
       Stone Arrow       |       |    12 ||    12
       Passwall          |       |     1 ||     1
 Stab: Sleeping          |       |     3 ||     3
Armor: Robe              |     3 |    71 ||    74
Dodge: Dodged            |    13 |   156 ||   169
